 Dungeon Crawl Stone Soup version 0.26-a0-652-gafc20e3620 (webtiles) character file.

Game seed: 9541165988663328232

56 grandjackal the Magician (level 3, -4/29 HPs)
             Began as a Draconian Hedge Wizard on Oct 2, 2020.
             Killed by divine providence
             ... invoked by an orc priest
              (14 damage)
             ... on level 2 of the Dungeon.
             The game lasted 00:02:29 (1901 turns).

grandjackal the Magician (Draconian Hedge Wizard)   Turns: 1901, Time: 00:02:29

Health: -4/29      AC:  5    Str: 13    XL:     3   Next: 69%
Magic:  7/7        EV: 12    Int: 14    God:
Gold:   187        SH:  0    Dex: 10    Spells: 5/8 levels left

rFire    . . .     SeeInvis .   a - +0 dagger
rCold    . . .     Faith    .   (no shield)
rNeg     . . .     Spirit   .   (armour unavailable)
rPois    .         Reflect  .   b - +0 hat
rElec    .         Harm     .   (no cloak)
rCorr    .         Rampage  .   (no gloves)
MR       .....                  (no boots)
Stlth    ++........             (no amulet)
HPRegen  0.09/turn              (no ring)
MPRegen  0.10/turn              (no ring)

@: no status effects
A: unfitting armour, cold-blooded, AC +5
a: no special abilities


You were on level 2 of the Dungeon.
You visited 1 branch of the dungeon, and saw 3 of its levels.

You collected 187 gold pieces.

Inventory:

Hand Weapons
 a - a +0 dagger (weapon)
Missiles
 f - 21 poisoned darts (quivered)
Armour
 b - a +0 hat (worn)
Scrolls
 c - 2 scrolls of enchant weapon {unknown}
 d - a scroll of teleportation {unknown}
 e - a scroll of noise {unknown}


   Skills:
 + Level 2.0 Fighting
 + Level 2.6 Dodging
 - Level 1.7 Stealth
 - Level 3.0 Spellcasting
 + Level 2.1 Conjurations
   Level 1.0 Summonings
 - Level 1.0 Translocations


You had 5 spell levels left.
You knew the following spells:

 Your Spells              Type           Power        Failure   Level
a - Magic Dart            Conj           #...         9%          1
b - Blink                 Tloc           N/A          22%         2

Your spell library contained the following spells:

 Spells                   Type           Power        Failure   Level
 Call Imp                 Summ           #.......     22%         2
 Slow                     Hex            #.......     32%         2
 Conjure Flame            Conj/Fire      #.......     38%         3
 Mephitic Cloud           Conj/Pois/Air  #.......     43%         3


Dungeon Overview and Level Annotations

Branches:
Dungeon (3/15)

Altars:
Dithmenos


Innate Abilities, Weirdness & Mutations

Your plain brown scales are hard. (AC +5)
You cannot fit into any form of body armour.
You are cold-blooded and may be slowed by cold attacks.


Message History

Aim: an orc priest (lightly wounded)
You throw a poisoned dart.
The poisoned dart closely misses the orc priest.
The orc priest calls down the wrath of Beogh upon you.
Beogh smites you!
Throwing (i - inventory)
f - 23 poisoned darts (quivered)
Press: ? - help, Shift-Dir - straight line, f/p - orc priest
Aim: an orc priest (lightly wounded)
You throw a poisoned dart. The poisoned dart hits the orc priest.
The orc priest is poisoned.
The orc priest is lightly wounded.
The orc priest hits you.
Throwing (i - inventory)
f - 22 poisoned darts (quivered)
Press: ? - help, Shift-Dir - straight line, f/p - orc priest
Aim: an orc priest (lightly wounded, poisoned)
You throw a poisoned dart. The poisoned dart hits the orc priest.
The orc priest is lightly wounded.
The orc priest invokes the aid of Beogh against you.
Beogh smites you!
You die...

#.#.###....##.#..##.## #.###.
..#........##.#..##..## #.##..
###.........#.#..###..# #.##.# #
#................##.### #..#.#
#.........#...##.....<#####...#
#.........#...######....####..#
##.###.#####...# ##.#.##....#
##..###.#.......#######..........
.........(.....o@.............).#
#######.#...(#<.######...##.###.#
# ####......##..####..####.###..
####....)....##.......## #..##..
##...###..#####.####### ##..##.
...### #..## #.# ##.##. ####
#...# #.# #.##. # #.#.# #.# #....
# #.#.# #.# #....


You could see an orc priest (poisoned).

Vanquished Creatures
  2 adders (D:2)
  2 worms (D:2)
  A leopard gecko (D:1)
  2 giant cockroaches (D:2)
  4 goblins (D:1)
  5 hobgoblins
  4 kobolds
  4 bats
  A frilled lizard (D:2)
  6 rats
31 creatures vanquished.

Notes
Turn   | Place    | Note
-------+----------+-------------------------------------------
     0 | D:1      | grandjackal the Draconian Hedge Wizard began the quest for
                  | the Orb.
     0 | D:1      | Reached XP level 1. HP: 14/14 MP: 4/4
   269 | D:1      | Reached XP level 2. HP: 11/22 MP: 1/6
   426 | D:1      | Learned a level 2 spell: Blink
   551 | D:1      | Reached skill level 1 in Fighting
  1188 | D:2      | Reached XP level 3. HP: 25/28 MP: 0/7
  1369 | D:2      | Found a shadowy altar of Dithmenos.
  1901 | D:2      | Killed from afar by an orc priest

Illustrated notes

Levels and vault maps discovered:
D:1:      scummos_arrival_star, layout_loops_cross,
          wander_ebering_terrifying_dragon_lair
D:2:      layout_rooms, grunt_dithmenos_smoke
D:3:      layout_loops_ring, led_sif_book

Skill      XL: |  1  2  3 |
---------------+----------+-----
Dodging        | 2 |  2.6
Fighting       | 1 2 |  2.0
Conjurations   | 2 |  2.1
Stealth        | |  1.7
Spellcasting   | |  3.0
Summonings     | |  1.0
Translocations | |  1.0

Action                   || total
-------------------------++-------
Melee: Dagger            ||    88
       Tailslap          ||     6
Throw: Dart              ||     3
 Cast: Magic Dart        ||    47
 Stab: Sleeping          ||     7
Armor: Skin              ||    30
Dodge: Dodged            ||    68

Table legend: (Time is in decaauts)
 A = Elapsed time spent in this place.
 B = Non-inter-level travel time spent in this place.
 C = Inter-level travel time spent in this place.
 D = Time resting spent in this place.
 E = Time spent auto-exploring this place.
 F = Levels seen in this place.
 G = Mean time per level.
                   A        B        C        D        E       F      G
               +--------+--------+--------+--------+--------+-----+--------+
         Total |   1901 |   1869 |     32 |    627 |    966 |   3 |  633.7 |
       Dungeon |   1901 |   1869 |     32 |    627 |    966 |   3 |  633.7 |
               +--------+--------+--------+--------+--------+-----+--------+

Top non-repeatable levels by time:
     D:1: 1069 daAuts
     D:2: 829 daAuts
     D:3: 2 daAuts
